 Dungeon Crawl Stone Soup version 0.29-a0-334-gb41bcbb86e (webtiles) character file.

Game seed: 5805637136991409605

317 spaghetti the Magician (level 6, -1/51 HPs)
             Began as a Naga Conjurer on Apr 15, 2022.
             Was a Believer of Sif Muna.
             Slain by a hornet (9 damage)
             ... on level 5 of the Dungeon.
             The game lasted 00:05:43 (4696 turns).

spaghetti the Magician (Naga Conjurer)              Turns: 4696, Time: 00:05:44

Health: -1/51      AC:  3    Str: 15    XL:     6   Next: 45%
Magic:  4/12       EV: 10    Int: 26    God:    Sif Muna [**....]
Gold:   240        SH:  0    Dex: 10    Spells: 11/14 levels left

rFire   . . .      SeeInvis +   (no weapon)
rCold   . . .      Faith    +   (no shield)
rNeg    . . .      Spirit   .   a - +0 robe
rPois   +          Reflect  .   (no helmet)
rElec   .          Harm     .   D - scarf {+Inv}
rCorr   .          Rampage  .   (no gloves)
Will    .....                   (no barding)
Stlth   ++........              x - amulet of faith {!P}
HPRegen 0.17/turn               w - +6 ring of intelligence
MPRegen 0.13/turn               A - +6 ring of strength

@: very slow
A: AC +2, large, see invisible, deformed body, poison resistance, slowness 2,
spit poison 1, naga tail 1
a: Spit Poison, Renounce Religion, Evoke Invisibility, Channel Magic


You were on level 5 of the Dungeon.
You worshipped Sif Muna.
Sif Muna was pleased with you.
You visited 1 branch of the dungeon, and saw 5 of its levels.

You collected 240 gold pieces.


Innate Abilities, Weirdness & Mutations

Your serpentine skin is tough. (AC +2)
You have supernaturally acute eyesight. (SInv)
Armour fits poorly on your strangely shaped body.
Your system is resistant to poisons. (rPois)
You cover ground very slowly.
You can spit poison.
You have a snake-like lower body.


   Skills:
 + Level 1.0 Fighting
 + Level 2.9 Dodging
 - Level 3.0 Stealth
 * Level 4.5 Spellcasting
 - Level 4.0 Conjurations
 + Level 2.8 Invocations


You had 11 spell levels left.
You knew the following spells:

 Your Spells              Type           Power      Damage    Failure   Level
a - Magic Dart            Conj           100%       1d8       1%          1
b - Searing Ray           Conj           52%        2d6       2%          2

Your spell library contained the following spells:

 Spells                   Type           Power      Damage    Failure   Level
 Pain                     Necr           20%        1d5       9%          1
 Dazzling Flash           Conj/Hex       32%        N/A       11%         3
 Gell's Gravitas          Tloc           5%         N/A       24%         3
 Teleport Other           Tloc           5%         N/A       24%         3
 Fulminant Prism          Conj/Hex       8%         3d7       34%         4
 Iskenderun's Mystic Bla  Conj/Tloc      16%        2d5       34%         4
 Agony                    Necr           5%         N/A       92%         5
 Excruciating Wounds      Necr           2%         N/A       92%         5
 Dispersal                Tloc           2%         N/A       100%        6

Inventory:

Hand Weapons
 c - a +0 mace {mace}
   (You found it on level 1 of the Dungeon)
 i - a +0 dagger {short}
   (You took it off a goblin on level 1 of the Dungeon)
 j - a +0 dagger {short}
   (You took it off a kobold on level 1 of the Dungeon)
 k - a +0 dagger {short}
   (You found it on level 1 of the Dungeon)
 m - a +0 short sword {short}
   (You took it off a kobold on level 1 of the Dungeon)
 n - a +0 whip {mace}
   (You found it on level 1 of the Dungeon)
 o - a +0 dagger {short}
   (You took it off a goblin on level 1 of the Dungeon)
 p - a +0 whip {mace}
   (You found it on level 1 of the Dungeon)
 r - a +0 club {mace}
   (You took it off a goblin on level 2 of the Dungeon)
 s - a +0 dagger {short}
   (You took it off a kobold on level 2 of the Dungeon)
 t - a +0 club {mace}
   (You took it off a kobold on level 2 of the Dungeon)
 v - a +0 whip {mace}
   (You took it off a kobold on level 2 of the Dungeon)
 B - a +0 club {mace}
   (You took it off a goblin on level 2 of the Dungeon)
 C - a +0 short sword {short}
   (You took it off a kobold on level 2 of the Dungeon)
 E - a +0 club {mace}
   (You took it off a kobold on level 3 of the Dungeon)
 G - a +0 club {mace}
   (You took it off a kobold on level 3 of the Dungeon)
 I - a +0 falchion {long}
   (You found it on level 3 of the Dungeon)
 K - a +0 falchion {long}
   (You found it on level 4 of the Dungeon)
 L - a +0 hand crossbow {crossbow}
   (You found it on level 4 of the Dungeon)
 O - a +0 short sword {short}
   (You found it on level 4 of the Dungeon)
Missiles
 e - 189 stones {throwing}
 f - 2 javelins {throwing}
 y - 6 poisoned darts {throwing}
Armour
 a - a +0 robe (worn)
 D - a scarf of invisibility (worn)
   (You found it on level 3 of the Dungeon)
Jewellery
 w - a +6 ring of intelligence (left hand)
   (You found it on level 4 of the Dungeon)
 x - an amulet of faith (around neck) {!P}
   (You found it on level 2 of the Dungeon)
 A - a +6 ring of strength (right hand)
   (You found it on level 2 of the Dungeon)
 F - a ring of positive energy
   (You found it on level 3 of the Dungeon)
 M - an amulet of regeneration {@e2}
   (You found it on level 4 of the Dungeon)
Wands
 N - a wand of acid (7)
   (You found it on level 4 of the Dungeon)
Scrolls
 b - a scroll of vulnerability {unknown}
 d - a scroll of enchant weapon {unknown}
 g - a scroll of immolation {unknown}
 h - 6 scrolls of identify {unknown}
 l - 2 scrolls of acquirement {unknown}
 q - 6 scrolls of teleportation {unknown}
 u - a scroll of enchant armour {unknown}
 H - 2 scrolls of magic mapping {unknown}
 J - a scroll of fear {unknown}
Potions
 z - 2 potions of haste {@q3}

Dungeon Overview and Level Annotations

Branches:
Dungeon (5/15)
 Temple: D:4-7

Altars:
Sif Muna

#†####.# #.#
#.# #.# #.#####
############.##
#.....#
........†.>...#
#####.#
......###.#.##
#.#
#....###.#.#
#.### .
#.......#.#
#..<#
#..[#...####@#
#####
#...l..)y.#
#....#####.#
h...... #.#
#...#.. #.# ..y
... ### ..


Wl.. . .#... ...#.. You could see a hornet and an iguana.


Message History

Confirm with . or Enter, or press ? or * to list all spells.
Aiming: Magic Dart (safe; 1% risk of failure)
Press: ? - help, Shift-Dir - straight line, f - necrophage
Aim: a necrophage (dormant, 100% to hit)
The magic dart hits the necrophage. 😎 MP[-1]
You lost 1 mp, and now have 11/12 mp.
Casting: Magic Dart (safe; 1% risk of failure)
Confirm with . or Enter, or press ? or * to list all spells.
Aiming: Searing Ray (safe; 2% risk of failure)
Press: ? - help, Shift-Dir - straight line, f/p - necrophage
Aim: a necrophage (lightly damaged, 79% to hit)
The searing ray hits the necrophage. (Press . to maintain the ray.) 😎 MP[-2]
You lost 2 mp, and now have 9/12 mp.
The searing ray hits the necrophage! 😎 MP[-1]
You lost 1 mp, and now have 8/12 mp.
The searing ray hits the necrophage!
You destroy the necrophage!
Sif Muna accepts your kill.
Your Fighting skill increases to level 1! 😎 HP[+1] MP[-1]
You now have 51 max hp (+1).
Your hp is fully restored (51).
You lost 1 mp, and now have 7/12 mp. 😎 MP[+1]
You pick up a There-And-Back Book and begin reading...
You add the spells Gell's Gravitas, Teleport Other and Dispersal to your library. 😎 MP[+1]
Okay, then.
A shadow, a hornet and an iguana come into view.
The hornet buzzes angrily.
The iguana hisses angrily.
You hear a shout!
An orc comes into view. It is wielding a +0 dagger.
A hound comes into view. 😎 MP[+3]
Your mp is fully restored (12).
There are monsters nearby!
There are monsters nearby!
There are monsters nearby!
Casting: Searing Ray (safe; 2% risk of failure)
Confirm with . or Enter, or press ? or * to list all spells.
You can't see any susceptible monsters within range! (Use Z to cast anyway.) Unknown command.
Unknown command.
The orc shouts!
You hear a bark!
Casting: Searing Ray (safe; 2% risk of failure)
Confirm with . or Enter, or press ? or * to list all spells.
Aiming: Searing Ray (safe; 2% risk of failure)
Press: ? - help, Shift-Dir - straight line, f - hornet
Aim: a hornet (69% to hit)
The searing ray hits the hornet. (Press . to maintain the ray.)
The hornet stings you. 😕 HP[-2] MP[-2]
You take 2 damage, and now have 49/51 hp.
You lost 2 mp, and now have 10/12 mp.
The searing ray hits the hornet.
The hornet closely misses you. The hornet stings you! 😮 HP[-12] MP[-1]
You take 12 damage, and now have 37/51 hp.
MASSIVE DAMAGE!! (PAUSE)
You lost 1 mp, and now have 9/12 mp.
The searing ray hits the hornet.
The hornet stings you but does no damage. 😮 MP[-1]
You lost 1 mp, and now have 8/12 mp.
The searing ray hits the hornet but does no damage.
You finish channelling your searing ray.
The hornet closely misses you. The hornet stings you.
You feel yourself slow down. 😮 HP[-5] MP[-1]
You take 5 damage, and now have 32/51 hp.
You lost 1 mp, and now have 7/12 mp.
Casting: Searing Ray (safe; 2% risk of failure)
Confirm with . or Enter, or press ? or * to list all spells.
Aiming: Searing Ray (safe; 2% risk of failure)
Press: ? - help, Shift-Dir - straight line, f - orc, p - hornet
Aim: an orc, wielding a +0 dagger and wearing a +0 leather armour (79% to hit)
The searing ray hits the hornet!
The searing ray hits the orc!
You kill the orc!
Sif Muna accepts your kill. (Press . to maintain the ray.)
You feel yourself speed up. The hornet completely misses you.
The hornet stings you!
* * * LOW HITPOINT WARNING * * *
You feel yourself slow down. 😨 HP[-8] MP[-2]
You take 8 damage, and now have 24/51 hp.
You lost 2 mp, and now have 5/12 mp.
The searing ray hits the hornet but does no damage.
You feel yourself speed up. The hornet stings you!
* * * LOW HITPOINT WARNING * * *
The hornet barely misses you. 😱 HP[-16]
You take 16 damage, and now have 8/51 hp.
MASSIVE DAMAGE!! (PAUSE)
The searing ray misses the hornet.
The hornet stings you!
You die...

Skill      XL: |  1  2  3  4  5  6 |
---------------+-------------------+-----
Dodging        | 2 |  2.9
Spellcasting   | 3 4 |  4.5
Invocations    | 1 2 |  2.8
Fighting       | 1 |  1.0
Stealth        | |  3.0
Conjurations   | |  4.0

Action                   |  1- 3 |  4- 6 || total
-------------------------+-------+-------++-------
 Cast: Magic Dart        |    71 |    68 ||   139
       Searing Ray       |       |     7 ||     7
 Abil: Spit Poison       |     4 |     1 ||     5
  Use: Potion            |       |     6 ||     6
Armor: Robe              |       |     4 ||     4
Dodge: Dodged            |     7 |    15 ||    22

Levels and vault maps discovered:
D:1:      dpeg_arrival_orchard, layout_basic,
          ebering_ecumenical_altar_sacrificial, st_stairs_10
D:2:      layout_basic, serial_corexii_hall, chequers_hall_statues_corner_a,
          corexii_hall_statues_u
D:3:      layout_loops_corners, nrook_mini_backslash
D:4:      layout_basic, serial_rivers, chequers_serial_rivers_micro_e,
          chequers_serial_rivers_large_a, chequers_serial_rivers_micro_b,
          chequers_serial_rivers_micro_c
D:5:      cheibrodos_fzero, layout_basic, hangedman_decor_growths

Notes
Turn   | Place    | Note
-------+----------+-------------------------------------------
     0 | D:1      | spaghetti the Naga Conjurer began the quest for the Orb.
     0 | D:1      | Reached XP level 1. HP: 15/15 MP: 3/3
     0 | D:1      | magus.rc [v1.9.6]
   169 | D:1      | Reached XP level 2. HP: 17/22 MP: 0/5
   306 | D:1      | Found a faded altar of an unknown god.
   318 | D:1      | Prayed at the altar of an unknown god.
   318 | D:1      | Became a worshipper of Sif Muna the Loreminder
   318 | D:1      | Reached * piety under Sif Muna
   785 | D:1      | Reached XP level 3. HP: 28/28 MP: 0/7
   856 | D:1      | Learned a level 2 spell: Searing Ray
   991 | D:1      | Reached skill level 2 in Dodging
  1319 | D:2      | Reached skill level 3 in Spellcasting
  1346 | D:2      | Reached skill level 1 in Invocations
  1667 | D:2      | You pick up a book of Pain and begin reading...
  1667 | D:2      | You add the spells Pain, Agony and Excruciating Wounds to
                  | your library.
  1840 | D:2      | Reached XP level 4. HP: 30/36 MP: 2/8
  2244 | D:2      | Reached ** piety under Sif Muna
  2960 | D:3      | HP: 7/36 [white imp (4)]
  2962 | D:3      | HP: 3/36 [white imp/puff of frost (4)]
  2966 | D:3      | HP: 1/36 [white imp/puff of frost (7)]
  3691 | D:4      | Reached skill level 2 in Invocations
  3691 | D:4      | Reached XP level 5. HP: 42/42 MP: 2/10
  3780 | D:4      | Reached skill level 4 in Spellcasting
  4571 | D:5      | Entered Level 5 of the Dungeon
  4594 | D:5      | Reached XP level 6. HP: 50/50 MP: 6/12
  4648 | D:5      | Reached skill level 1 in Fighting
  4655 | D:5      | You add the spells Gell's Gravitas, Teleport Other and
                  | Dispersal to your library.
  4684 | D:5      | Noticed a shadow
  4684 | D:5      | Noticed a hornet
  4695 | D:5      | HP: 8/51 [hornet (16)]
  4696 | D:5      | Slain by a hornet

Vanquished Creatures
  2 necrophages
  A scorpion (D:5)
  A hound (D:4)
  4 adders
  A white imp (D:3)
  A worm (D:3)
  4 dart slugs
  An orc (D:5)
  4 bats
  2 endoplasms
  4 giant cockroaches
  4 goblins
  8 hobgoblins
  8 kobolds
  4 quokkas
  4 ball pythons
  3 frilled lizards
  6 rats
62 creatures vanquished.

Table legend:
 A = Non-vault XP
 B = Vault XP
 C = Vault XP percentage of total XP
 D = Non-vault monster count
 E = Vault monster count
 F = Vault count percentage of total count
                 A         B        C        D         E       F
            +---------+---------+-------+---------+---------+-------
      Total |     448 |       6 |   1.3 |      58 |       4 |   6.5
            +---------+---------+-------+---------+---------+-------
        D:1 |      35 |       3 |   7.9 |      18 |       3 |  14.3
        D:2 |      62 |       0 |   0.0 |      22 |       0 |   0.0
        D:3 |      52 |       0 |   0.0 |      11 |       0 |   0.0
        D:4 |     135 |       0 |   0.0 |       5 |       0 |   0.0
        D:5 |     164 |       3 |   1.8 |       2 |       1 |  33.3
            +---------+---------+-------+---------+---------+-------

Illustrated notes

Table legend:
 A = Kills in this place as a percentage of kills in entire the game.
 B = Kills by you in this place as a percentage of kills by you in the entire game.
 C = Kills by friends in this place as a percentage of kills by friends in the entire game.
 D = Other kills in this place as a percentage of other kills in the entire game.
 E = Experience gained in this place as a percentage of experience gained in the entire game.
 F = Experience gained in this place divided by the number of levels of this place that you have seen.
                   A       B       C       D       E      F
               +-------+-------+-------+-------+-------+----------------------
         Total | 100.0 | 100.0 |   N/A |   N/A | 100.0 |  90.8
       Dungeon | 100.0 | 100.0 |   N/A |   N/A | 100.0 |  90.8
               +-------+-------+-------+-------+-------+----------------------

Table legend: (Time is in decaauts)
 A = Elapsed time spent in this place.
 B = Non-inter-level travel time spent in this place.
 C = Inter-level travel time spent in this place.
 D = Time resting spent in this place.
 E = Time spent auto-exploring this place.
 F = Levels seen in this place.
 G = Mean time per level.
                   A        B        C        D        E       F      G
               +--------+--------+--------+--------+--------+-----+--------+
         Total |   5764 |   5647 |    117 |    195 |   5056 |   5 | 1152.8 |
       Dungeon |   5764 |   5647 |    117 |    195 |   5056 |   5 | 1152.8 |
               +--------+--------+--------+--------+--------+-----+--------+

Top non-repeatable levels by time:
     D:3: 1532 daAuts
     D:1: 1490 daAuts
     D:2: 1382 daAuts
     D:4: 1215 daAuts
     D:5: 142 daAuts
